 Dungeon Crawl Stone Soup version 0.24-a0-769-g368c1644f8 (webtiles) character file.

Game seed: 2276134569604925940, levelgen mode: deterministic

37 LabCoat the Skirmisher (level 3, 0/33 HPs)
             Began as a Hill Orc Fighter on Oct 5, 2019.
             Slain by Sigmund
             ... wielding a +0 scythe
              (1 damage)
             ... on level 2 of the Dungeon.
             The game lasted 00:03:33 (1141 turns).

LabCoat the Skirmisher (Hill Orc Fighter)           Turns: 1141, Time: 00:03:34

Health: 0/33       AC:  6    Str: 24    XL:     3   Next: 39%
Magic:  3/3        EV:  7    Int:  8    God:
Gold:   36         SH:  9    Dex: 10    Spells: 2/2 levels left

rFire    + . .     SeeInvis .   a - +0 war axe
rCold    + . .     Gourm    .   c - +0 shield
rNeg     . . .     Faith    .   b - +0 scale mail
rPois    .         Spirit   .   (no helmet)
rElec    .         Reflect  .   g - scarf {rC+ rF+}
rCorr    .         Harm     .   (no gloves)
MR       .....                  (no boots)
Stlth    ..........             (no amulet)
HPRegen  0.11/turn              (no ring)
MPRegen  0.08/turn              (no ring)

@: mighty, flying
A: no striking features
a: no special abilities


You were on level 2 of the Dungeon.
You were not hungry.

You visited 1 branch of the dungeon, and saw 2 of its levels.

You collected 36 gold pieces.

Inventory:

Hand Weapons
 a - a +0 war axe (weapon)
Armour
 b - a +0 scale mail (worn)
 c - a +0 shield (worn)
 g - a scarf of resistance (worn)
Jewellery
 j - an uncursed ring of magical power
Potions
 e - a potion of flight
Comestibles
 f - 3 rations


   Skills:
 + Level 3.9 Fighting
 * Level 3.8 Axes
 + Level 3.6 Armour
 + Level 3.5 Shields


You had 2 spell levels left.
You didn't know any spells.
Your spell library was empty.

Dungeon Overview and Level Annotations

Branches:
Dungeon (2/15)

Altars:

Annotations:
D:2 Sigmund


Message History

All of the chunks of flesh in your inventory have rotted away.
It was a potion of flight.
You feel very buoyant.
You fly up into the air.
The hobgoblin hits you but does no damage.
You feel very mighty all of a sudden. Something hits you but does no damage.
The hobgoblin barely misses you.
You closely miss something. You closely miss the hobgoblin.
You hear some strange, mumbled words.
A magic dart appears from out of thin air!
The magic dart hits you but does no damage.
You block the hobgoblin's attack.
You miss something. You barely miss the hobgoblin.
Something completely misses you. You block the hobgoblin's attack.
You miss something. You hit the hobgoblin.
You kill the hobgoblin!
Something hits you.
* * * LOW HITPOINT WARNING * * *
You barely miss something. Something hits you.
You die...

....# ..)#
.... ..#
.b# #g# #
#l#
#.#{##.####
#.(@†......
###÷.......
####.####
... ###


You could see a goblin, a bat and a frilled lizard.

Vanquished Creatures
  A dart slug (D:1)
  A leopard gecko (D:1)
  A giant cockroach (D:1)
  8 goblins (D:2)
  4 hobgoblins
  2 jackals (D:1)
  4 bats (D:1)
  A frilled lizard (D:1)
  6 kobolds
  3 rats (D:1)
31 creatures vanquished.

Notes
Turn   | Place    | Note
-------+----------+-------------------------------------------
     0 | D:1      | LabCoat the Hill Orc Fighter began the quest for the Orb.
     0 | D:1      | Reached XP level 1. HP: 19/19 MP: 1/1
   435 | D:1      | Reached XP level 2. HP: 27/27 MP: 2/2
   906 | D:1      | Reached XP level 3. HP: 33/33 MP: 3/3
   919 | D:2      | Noticed Sigmund
  1140 | D:2      | HP: 1/33 [something (2)]
  1141 | D:2      | Slain by Sigmund

Levels and vault maps discovered:
D:1:      wander_arrival_desolate, layout_loops_ring
D:2:      layout_loops_ring, uniq_sigmund, uniq_crazy_yiuf_cottage, uniq_robin

Skill      XL: |  1 |
---------------+----+-----
Axes           | 3 |  3.8
Fighting       | |  3.9
Armour         | |  3.6
Shields        | |  3.5

Action                   || total
-------------------------++-------
Melee: War axe           ||    88
  Use: Scroll            ||     2
       Potion            ||     2
  Eat: Chunk             ||     1
Armor: Scale mail        ||    46
Dodge: Dodged            ||    28
Block: Shield            ||    61

Table legend:
 A = Non-vault XP
 B = Vault XP
 C = Vault XP percentage of total XP
 D = Non-vault monster count
 E = Vault monster count
 F = Vault count percentage of total count
                 A         B        C        D         E       F
            +---------+---------+-------+---------+---------+-------
      Total |      37 |      16 |  30.2 |      23 |       8 |  25.8
            +---------+---------+-------+---------+---------+-------
        D:1 |      32 |       0 |   0.0 |      20 |       0 |   0.0
        D:2 |       5 |      16 |  76.2 |       3 |       8 |  72.7
            +---------+---------+-------+---------+---------+-------
